 Dungeon Crawl Stone Soup version 0.26.1-11-gd32895ea62 (webtiles) character file.

Game seed: 1096910418181841002

1046 tygarin the Skirmisher (level 8, 0/48 HPs)
             Began as a Gargoyle Transmuter on July 24, 2021.
             Killed from afar by a steam dragon (2 damage)
             ... with a ball of steam
             ... on level 6 of the Dungeon.
             The game lasted 00:15:44 (5694 turns).

tygarin the Skirmisher (Gargoyle Transmuter)        Turns: 5694, Time: 00:15:44

Health: 0/48       AC: 17    Str:  8    XL:     8   Next: 25%
Magic:  13/13      EV: 11    Int: 17    God:
Gold:   194        SH:  0    Dex: 15    Spells: 8/14 levels left

rFire    + + .     SeeInvis .   l - +0 long sword
rCold    . . .     Faith    .   (no shield)
rNeg     + + .     Spirit   .   h - +4 ring mail {rF+}
rPois    ∞         Reflect  .   v - +0 helmet
rElec    +         Harm     .   u - +0 cloak "Qiussuo" {rN+ Str-5 Int+2 Dex+3}
rCorr    .         Rampage  .   (no gloves)
Will     .....                  (no boots)
Stlth    +.........             (no amulet)
HPRegen  0.16/turn              o - ring of protection from fire
MPRegen  0.13/turn              (no ring)

@: wereblooded (expiring), berserk cooldown, slowed, very slow
A: negative energy resistance 1, electricity resistance, unbreathing,
petrification resistance, miasma immunity, AC +5
a: no special abilities


You were on level 6 of the Dungeon.
You visited 1 branch of the dungeon, and saw 6 of its levels.

You collected 194 gold pieces.

Inventory:

Hand Weapons
 l - a +0 long sword (weapon)
Armour
 h - a +4 ring mail of fire resistance (worn)
 r - +0 steam dragon scales
 u - the +0 cloak "Qiussuo" (worn) {rN+ Str-5 Int+2 Dex+3}
   (You found it on level 4 of the Dungeon)

   It affects your strength (-5).
   It affects your intelligence (+2).
   It affects your dexterity (+3).
   It protects you from negative energy.
 v - a +0 helmet (worn)
Jewellery
 o - a ring of protection from fire (left hand)
Wands
 x - a wand of flame (29)
Scrolls
 b - a scroll of fog {unknown}
 c - a scroll of random uselessness {unknown}
 f - 4 scrolls of remove curse
 i - a scroll of blinking {unknown}
 k - 3 scrolls of magic mapping
 m - 8 scrolls of identify {unknown}
 n - 3 scrolls of enchant weapon {unknown}
 p - a scroll of noise {unknown}
 t - 3 scrolls of teleportation {unknown}
 w - 2 scrolls of enchant armour
Potions
 a - 2 potions of invisibility {unknown}
 d - a potion of attraction {unknown}
 e - a potion of haste {unknown}
 g - a potion of resistance
 j - 2 potions of lignification {unknown}
 q - 2 potions of brilliance
 s - 2 potions of curing


   Skills:
 + Level 4.0 Fighting
 + Level 3.1 Long Blades
 + Level 3.9 Armour
 + Level 3.4 Dodging
 - Level 3.0 Unarmed Combat
 + Level 3.9 Spellcasting
 + Level 3.6 Transmutations


You had 8 spell levels left.
You knew the following spells:

 Your Spells              Type           Power        Failure   Level
a - Beastly Appendage     Tmut           30%          10%         1
b - Wereblood             Tmut           15%          16%         2
c - Spider Form           Tmut/Pois      4%           54%         3

Your spell library contained the following spells:

 Spells                   Type           Power        Failure   Level
 Ice Form                 Ice/Tmut       9%           91%         4
 Blade Hands              Tmut           7%           95%         5


Dungeon Overview and Level Annotations

Branches:
Dungeon (6/15)
 Temple: D:4-7

Altars:


Innate Abilities, Weirdness & Mutations

You are resistant to torment.
Your stone body is resilient. (AC +5)
You are immune to poison.
You resist negative energy. (rN+)
You are resistant to electric shocks. (rElec)
You can survive without breathing.
You are immune to petrification.
You are immune to miasma.


Message History

Your Fighting skill increases to level 4!
Your Long Blades skill increases to level 3!
Things that are here:
+0 steam dragon scales; a steam dragon corpse r - +0 steam dragon scales You feel a strong urge to attack something.
Calm down first, please.
Calm down first, please.
Calm down first, please.
You are no longer berserk.
You are exhausted.
You feel yourself slow down. The steam dragon breathes steam at you.
The ball of steam hits you. You resist.
* * * LOW HITPOINT WARNING * * *
There is a stone staircase leading up here.
Your primal bloodlust is almost over.
The steam dragon breathes steam at you. The ball of steam hits you. You resist.
You die...

.(.## ...##
#####....##
##≈≈.##....#
#≈≈...#....+
#≈.⌠D§§....#
#≈....#D§§##
#≈....##§(##
#≈.####@.##
#≈. #+## #≈
#


You could see a steam dragon (catching breath).

Vanquished Creatures
  Grinder (D:3)
  A steam dragon (D:6)
  A centaur (D:5)
  2 bullfrogs (D:5)
  A jelly (D:5)
  3 hounds
  4 orc priests (D:5)
  An orc wizard (D:5)
  A bullfrog skeleton (D:4)
  A worker ant (D:4)
  A hound skeleton (D:4)
  4 adders
  3 gnolls (D:3)
  2 shadow imps (D:5)
  A white imp (D:5)
  2 oozes (D:3)
  A dart slug (D:4)
  2 leopard geckos (D:3)
  10 orcs
  A ball python (D:3)
  5 bats
  2 hobgoblins (D:2)
  8 jackals
  5 quokkas
  4 frilled lizards
  6 goblins
  A kobold (D:1)
  4 rats
78 creatures vanquished.

Vanquished Creatures (others)
  An orc wizard (D:5)
1 creature vanquished.

Grand Total: 79 creatures vanquished

Notes
Turn   | Place    | Note
-------+----------+-------------------------------------------
     0 | D:1      | tygarin the Gargoyle Transmuter began the quest for the
                  | Orb.
     0 | D:1      | Reached XP level 1. HP: 12/12 MP: 3/3
   315 | D:1      | Reached XP level 2. HP: 16/16 MP: 5/5
  1034 | D:2      | Learned a level 2 spell: Wereblood
  1199 | D:2      | Reached skill level 1 in Armour
  1199 | D:2      | Reached XP level 3. HP: 15/20 MP: 4/6
  2093 | D:3      | Reached XP level 4. HP: 26/26 MP: 5/7
  2391 | D:3      | Reached skill level 2 in Fighting
  2399 | D:3      | Reached skill level 1 in Long Blades
  2835 | D:3      | Noticed Grinder
  2844 | D:3      | Paralysed by Grinder for 7 turns
  2854 | D:3      | Killed Grinder
  2855 | D:3      | Reached XP level 5. HP: 8/31 MP: 3/9
  2855 | D:3      | Reached XP level 6. HP: 10/36 MP: 3/10
  3351 | D:3      | Learned a level 3 spell: Spider Form
  3963 | D:4      | Reached skill level 3 in Fighting
  4309 | D:4      | Got a distressingly furry cloak
  4315 | D:4      | Identified the +0 cloak "Qiussuo" {rN+ Str-5 Int+2 Dex+3}
                  | (You found it on level 4 of the Dungeon)
  4465 | D:4      | Reached XP level 7. HP: 36/41 MP: 11/11
  4667 | D:5      | Entered Level 5 of the Dungeon
  5250 | D:5      | Reached XP level 8. HP: 23/48 MP: 13/13
  5688 | D:6      | Reached skill level 4 in Fighting
  5691 | D:6      | HP: 1/48 [something/ball of steam (3)]
  5694 | D:6      | Killed from afar by a steam dragon

Illustrated notes

Levels and vault maps discovered:
D:1:      scummos_arrival_simple_crosswalls, layout_basic
D:2:      layout_basic
D:3:      minmay_door_path, layout_basic, uniq_grinder
D:4:      layout_loops_cross
D:5:      layout_rooms
D:6:      cheibrodos_steamvent, layout_loops_corners, elyvilon_altar_4,
          uniq_crazy_yiuf_cottage, uniq_duvessa, uniq_blork_the_orc

Skill      XL: |  1  2  3  4  5  6  7  8 |
---------------+-------------------------+-----
Armour         | 1 2 3 |  3.9
Dodging        | 2 3 |  3.4
Transmutations | 2 3 |  3.6
Fighting       | 2 3 4 |  4.0
Long Blades    | 1 2 3 |  3.1
Spellcasting   | 3 |  3.9
Unarmed Combat | |  3.0

Action                   |  1- 3 |  4- 6 |  7- 9 || total
-------------------------+-------+-------+-------++-------
Melee: Unarmed           |   112 |    70 |       ||   182
       Kick              |     7 |    23 |    29 ||    59
       Headbutt          |     5 |    16 |    19 ||    40
       Punch             |     2 |     1 |       ||     3
       Long sword        |       |    30 |    98 ||   128
 Cast: Beastly Appendage |    24 |    17 |    15 ||    56
       Wereblood         |       |     6 |     5 ||    11
  Use: Scroll            |     2 |     2 |       ||     4
       Potion            |       |     4 |     3 ||     7
Armor: Robe              |    22 |       |       ||    22
       Ring mail         |    20 |    49 |   121 ||   190
Dodge: Dodged            |    80 |    65 |    86 ||   231
       Rpst.: Long sword |       |     9 |    24 ||    33
